 Dungeon Crawl Stone Soup version 0.29-a0-97-g88c9fad16d (webtiles) character file.

Game seed: 18275065959073496030

4580 Nelsoonmonsoon the Merchant of Misery (level 10, -11/73 HPs)
             Began as a Demonspawn Necromancer on Feb 13, 2022.
             Was a Believer of Kikubaaqudgha.
             Mangled by an orc knight (41 damage)
             ... in a bailey.
             The game lasted 01:11:03 (14647 turns).

Nelsoonmonsoon the Merchant of Misery (DsNe)       Turns: 14647, Time: 01:11:03

Health: -11/73     AC: 10    Str:  9    XL:     10   Next: 18%
Magic:  23/28      EV: 20    Int: 23    God:    Kikubaaqudgha [**....]
Gold:   327        SH:  0    Dex: 19    Spells: 12/21 levels left

rFire   . . .      SeeInvis +   I - +7 hand axe "Onouxif" {vorpal, *Slow rC++ Int+2 SInv}
rCold   + + .      Faith    +   (no shield)
rNeg    . . .      Spirit   .   d - +0 ring mail
rPois   +          Reflect  .   m - +0 helmet
rElec   +          Harm     .   y - +0 cloak
rCorr   .          Rampage  .   (no gloves)
Will    .....                   n - +0 pair of boots
Stlth   +.........              N - amulet "Cahyodiv" {Faith Contam rElec rPois Dex+6}
HPRegen 0.22/turn               D - ring of magical power
MPRegen 0.21/turn               (no ring)

@: mighty, agile, hasted, repel missiles, slow
A: repulsion field 3, demonic guardian 1, powered by pain 2, demonic touch 1
a: Renounce Religion, Receive Corpses


You were in a bailey.
You worshipped Kikubaaqudgha.
Kikubaaqudgha was pleased with you.
You visited 2 branches of the dungeon, and saw 9 of its levels.
You also visited: Bailey.

You collected 327 gold pieces.

Inventory:

Hand Weapons
 e - a +0 spear
 f - a +0 hunting sling of freezing
 I - the +7 hand axe "Onouxif" (weapon) {vorpal, *Slow rC++ Int+2 SInv}
   (You found it on level 6 of the Dungeon)

   It inflicts extra damage upon your enemies.
   Int:       It affects your intelligence (+2).
   rC:        It greatly protects you from cold.
   SInv:      It lets you see invisible.
   *Slow:     It may slow you when you take damage.
Missiles
 j - 68 sling bullets
 A - 5 poisoned darts
 F - 2 javelins
Armour
 a - a +0 robe
 d - a +0 ring mail (worn)
 h - a +0 pair of boots
 m - a +0 helmet (worn)
 n - a +0 pair of boots (worn)
 y - a +0 cloak (worn)
 P - a +1 robe of the Archmagi
Magical Staves
 r - a staff of fire
 t - a staff of conjuration
Jewellery
 b - an amulet of faith
 i - an amulet of reflection
 D - a ring of magical power (left hand)
 G - a ring of resist corrosion
 J - a ring of ice
 N - the amulet "Cahyodiv" (around neck) {Faith Contam rElec rPois Dex+6}
   (You found it on level 7 of the Dungeon)

   [amulet of faith]

   It allows you to gain divine favour quickly.
   Dex:       It affects your dexterity (+6).
   rElec:     It insulates you from electricity.
   rPois:     It protects you from poison.
   Contam:    It causes magical contamination when unequipped.
Wands
 w - a wand of flame (9)
 L - a wand of paralysis (9)
 O - a wand of polymorph (7)
Scrolls
 c - 2 scrolls of immolation
 g - a scroll of vulnerability
 k - 6 scrolls of teleportation
 l - a scroll of summoning {unknown}
 o - a scroll of fear {unknown}
 p - a scroll of noise {unknown}
 u - a scroll of magic mapping
 B - a scroll of torment {unknown}
 E - a scroll of amnesia {unknown}
 K - a scroll of enchant weapon {unknown}
Potions
 q - 2 potions of curing
 s - a potion of mutation
 v - a potion of heal wounds
 x - a potion of haste
 z - a potion of attraction
 C - 2 potions of flight
 H - a potion of resistance
 M - a potion of degeneration
 Q - a potion of brilliance {unknown}


   Skills:
 + Level 4.7 Fighting
 + Level 3.6 Axes
 + Level 6.2 Armour
 - Level 2.2 Dodging
 - Level 3.1 Stealth
 - Level 6.4 Spellcasting
 - Level 5.4 Conjurations
 + Level 8.8 Necromancy


You had 12 spell levels left.
You knew the following spells:

 Your Spells              Type           Power      Damage    Failure   Level
a - Pain                  Necr           100%       1d9       1%          1
b - Vampiric Draining     Necr           48%        2d9       1%          3
c - Animate Skeleton      Necr           96%        N/A       1%          1
d - Animate Dead          Necr           24%        N/A       5%          4

Your spell library contained the following spells:

 Spells                   Type           Power      Damage    Failure   Level
 Sublimation of Blood     Necr           48%        N/A       1%          2
 Magic Dart               Conj           100%       1d8       2%          1
 Corpse Rot               Necr/Air       54%        N/A       4%          2
 Agony                    Necr           48%        N/A       14%         5
 Freeze                   Ice            28%        1d5       21%         1
 Sting                    Tmut/Pois      28%        1d4       21%         1
 Mephitic Cloud           Conj/Pois/Air  15%        N/A       28%         3
 Call Imp                 Summ           7%         N/A       30%         2
 Poisonous Vapours        Pois/Air       14%        N/A       30%         2
 Frozen Ramparts          Ice            14%        1d3       52%         3
 Hailstorm                Conj/Ice       19%        3d6       54%         4
 Olgreb's Toxic Radiance  Pois           7%         N/A       89%         4


Dungeon Overview and Level Annotations

Branches:
Dungeon (8/15)             Temple (1/1) D:4          Bailey (1/1)
   Lair: D:8-11

Altars:
Ashenzari
Cheibriados
Gozag
Kikubaaqudgha
Qazlal
Trog
Uskayaw
Wu Jian
Xom
Yredelemnul
Beogh

Shops:
D:3 [   D:5 ([

Annotations:
D:2 Sigmund
D:4 3 runed translucent doors, lordive's ghost, amateur TrWr


Innate Abilities, Weirdness & Mutations

You are surrounded by a strong repulsion field. (EV +4, RMsl)
A weak demonic guardian rushes to your aid.
You sometimes gain power by taking damage.
Your touch may inflict minor irresistible damage on your foes.


Message History

Something barely misses your quasit.
The orc knight completely misses your quasit.
The orc warrior hits your quasit with a +0 halberd!
There is an open gate here.
You enter the shallow water.
Moving in this stuff is going to be slow.
Your quasit bites the orc warrior.
Your quasit closely misses the orc warrior.
Your quasit claws the orc warrior but does no damage.
The orc knight closely misses your quasit.
Your quasit closely misses the orc knight. x2
Your quasit barely misses the orc knight.
The orc warrior misses your quasit.
Okay, then.
Kikubaaqudgha delivers you corpses!
Casting: Animate Dead (dangerous; 5% risk of failure)
Press: ? - help, Q - select action, (/) - cycle Dir - look around, f - activate You call on the dead to rise...
The dead are walking!
You swap places.
Something completely misses your quasit.
The orc knight closely misses your iron imp.
The orc knight hits your iron imp with a +0 glaive!!
Your iron imp dies!
Your iron imp disappears in a puff of smoke!
Your quasit bites the orc knight but does no damage.
Your quasit claws the orc knight but does no damage. x2
Something hits your quasit!!!
Your quasit dies!
Your quasit disappears in a puff of smoke!
You swap places.
Something hits your orc zombie!
Your orc zombie is destroyed!
Okay, then.
Casting: Animate Dead (dangerous; 5% risk of failure)
Confirm with . or Enter, or press ? or * to list all spells.
You can't see any susceptible monsters within range! (Use Z to cast anyway.)
The orc warrior no longer looks unusually strong.
The orc knight hits you from afar with a +0 halberd!!!
Ouch! That really hurt!
You die...
Kikubaaqudgha rasps: "You have failed me!
Welcome... death!"

#.....≈##.##≈≈≈≈≈≈≈≈≈≈≈≈≈≈≈)≈##.
#.....≈#....≈≈≈≈≈≈≈≈≈≈≈≈≈≈≈))...
#.....≈##.∩#≈≈≈≈≈≈≈≈≈≈≈≈≈≈≈≈≈#∩.
#.....≈≈#.##≈≈≈≈≈#######≈≈≈≈≈##.
#.....≈≈≈)≈≈≈≈≈≈##≈≈≈≈##≈≈≈≈≈≈≈≈
#.....≈≈≈)≈≈≈≈≈##oo≈≈≈##≈≈≈≈≈≈≈≈
#.....≈≈≈≈≈≈≈≈##Zo#'§'##≈≈≈≈≈≈≈≈
#.....≈≈≈≈≈≈≈≈#≈Z##o.o##≈≈##≈≈≈≈
#.....≈≈≈≈≈≈≈##@####'####≈##≈≈≈≈
#.....≈≈≈≈≈≈≈##≈')#...#)'≈##≈≈≈≈
#.....≈≈≈≈≈≈≈##≈###._.###)##≈≈≈≈
#.....≈≈≈≈≈≈≈##≈'.#).?#.'≈##≈≈≈≈
#.....≈≈≈≈≈≈≈##≈#########≈##≈≈≈≈
#.....≈≈≈≈≈≈≈≈#≈≈##)#)##≈≈#≈≈≈≈≈
#.....≈≈≈≈≈≈≈≈##≈≈#'#'#≈≈##≈≈≈≈≈
#.....≈≈≈≈≈≈≈≈≈##≈≈≈≈≈≈≈##≈≈≈≈≈≈
#.....≈≈≈≈≈≈≈≈≈≈#########≈≈≈≈≈≈≈


You could see 2 orc knights, an orc warrior and 2 friendly orc zombies.

Vanquished Creatures
  Pikel (D:7)
  A water moccasin (D:7)
  11 orc warriors (Bailey)
  Duvessa (D:6)
  3 ice beasts
  A necrophage (D:6)
  2 centaurs
  3 ogres
  4 lemures (D:7)
  A phantom (D:6)
  4 bullfrogs
  A wyvern skeleton (D:7)
  Dowan (D:5)
  9 killer bees
  10 wights
  A jelly (D:6)
  A howler monkey (D:6)
  An orc priest (D:6)
  A centaur skeleton (D:5)
  3 hounds
  Natasha (twice) (D:2)
  3 iguanas
  Ijyb (D:4)
  6 orc wizards
  8 adders
  An ufetubus (D:5)
  A worm (D:2)
  3 dart slugs
  23 orcs
  8 bats
  5 endoplasms
  8 goblins
  4 hobgoblins
  5 jackals (D:1)
  3 quokkas
  5 ball pythons
  4 frilled lizards
  6 kobolds
  4 rats
160 creatures vanquished.

Vanquished Creatures (collateral kills)
  An ogre (D:7)
  A centaur (D:8)
  A centaur skeleton (D:6)
3 creatures vanquished.

Vanquished Creatures (others)
  2 fungi (D:1)
  4 plants (D:1)
6 creatures vanquished.

Grand Total: 169 creatures vanquished

Notes
Turn   | Place    | Note
-------+----------+-------------------------------------------
     0 | D:1      | Nelsoonmonsoon the Demonspawn Necromancer began the quest
                  | for the Orb.
     0 | D:1      | Reached XP level 1. HP: 13/13 MP: 3/3
   218 | D:1      | Gained mutation: You are surrounded by a mild repulsion
                  | field. (EV +2) [demonic ancestry]
   218 | D:1      | Reached XP level 2. HP: 17/19 MP: 1/5
   934 | D:1      | Found a faded altar of an unknown god.
  1110 | D:1      | Reached XP level 3. HP: 17/24 MP: 1/6
  2155 | D:2      | Noticed Sigmund
  2251 | D:2      | Found a broken altar of Ashenzari.
  2252 | D:2      | Noticed Natasha
  2359 | D:2      | Killed Natasha
  2360 | D:2      | Gained mutation: You are surrounded by a moderate repulsion
                  | field. (EV +3) [demonic ancestry]
  2360 | D:2      | Reached XP level 4. HP: 16/30 MP: 3/8
  2625 | D:2      | Reached skill level 1 in Armour
  2625 | D:2      | Reached skill level 5 in Necromancy
  2648 | D:2      | Noticed Natasha
  2654 | D:2      | Killed Natasha
  3153 | D:2      | Learned a level 3 spell: Vampiric Draining
  3586 | D:3      | Gained mutation: A weak demonic guardian rushes to your
                  | aid. [demonic ancestry]
  3586 | D:3      | Reached XP level 5. HP: 26/35 MP: 9/9
  3677 | D:3      | Found Awarilan's Armour Shop.
  4508 | D:4      | Found a staircase to the Ecumenical Temple.
  4518 | Temple   | Entered the Ecumenical Temple
  4542 | Temple   | Became a worshipper of Kikubaaqudgha
  4584 | D:4      | Noticed an ogre
  5184 | D:4      | Reached skill level 1 in Fighting
  5339 | D:4      | Found a runed translucent gate.
  5339 | D:4      | Found a runed translucent gate.
  5339 | D:4      | Found a runed translucent gate.
  5342 | D:4      | Noticed lordive's ghost (amateur TrWr)
  5343 | D:4      | Identified the +6 whip of Fyodgheq {vorpal, Str+2}
  5491 | D:4      | Noticed Ijyb
  5499 | D:4      | Killed Ijyb
  5500 | D:4      | Reached skill level 1 in Conjurations
  5897 | D:5      | Entered Level 5 of the Dungeon
  5897 | D:5      | Found Dedos's Weapon Shoppe.
  5991 | D:5      | Reached XP level 6. HP: 40/43 MP: 5/10
  6642 | D:5      | Learned a level 1 spell: Animate Skeleton
  6644 | D:5      | Found Tiosan's Antique Armour Boutique.
  6990 | D:5      | Noticed an ice beast
  7162 | D:5      | Gained mutation: You sometimes gain a little power by
                  | taking damage. [demonic ancestry]
  7162 | D:5      | Reached XP level 7. HP: 50/50 MP: 4/12
  8282 | D:6      | Reached skill level 6 in Necromancy
  8471 | D:6      | Identified the +7 hand axe "Onouxif" {vorpal, *Slow rC++
                  | Int+2 SInv}
  8492 | D:6      | Noticed Duvessa
  8493 | D:6      | Noticed Dowan
  8909 | D:6      | Killed Duvessa
  9008 | D:5      | Killed Dowan
  9156 | D:6      | Gained mutation: You sometimes gain power by taking damage.
                  | [demonic ancestry]
  9156 | D:6      | Reached XP level 8. HP: 45/58 MP: 14/14
  9479 | D:6      | Reached * piety under Kikubaaqudgha
  9479 | D:6      | Received a gift from Kikubaaqudgha
 10541 | D:6      | Reached skill level 5 in Spellcasting
 10544 | D:6      | Reached skill level 7 in Necromancy
 10771 | D:7      | Gained mutation: You are surrounded by a strong repulsion
                  | field. (EV +4, RMsl) [demonic ancestry]
 10771 | D:7      | Reached XP level 9. HP: 66/66 MP: 13/16
 11783 | D:7      | Noticed Pikel
 11800 | D:7      | Killed Pikel
 11801 | D:7      | Reached skill level 1 in Axes
 11801 | D:7      | Reached skill level 5 in Armour
 11801 | D:7      | Reached skill level 5 in Conjurations
 12175 | D:7      | Identified the amulet "Cahyodiv" {Faith Contam rElec rPois
                  | Dex+6}
 12506 | D:8      | Reached skill level 8 in Necromancy
 12655 | D:8      | Learned a level 4 spell: Animate Dead
 12664 | D:7      | Reached ** piety under Kikubaaqudgha
 12969 | D:8      | Found an ornate altar of the Wu Jian Council.
 13064 | D:8      | Found a flagged portal.
 13069 | Bailey   | Entered a bailey
 13546 | Bailey   | Gained mutation: Your touch may inflict minor irresistible
                  | damage on your foes. [demonic ancestry]
 13546 | Bailey   | Reached XP level 10. HP: 71/72 MP: 10/19
 14625 | Bailey   | Noticed an orc knight
 14625 | Bailey   | Noticed an orc knight
 14647 | Bailey   | Mangled by an orc knight

Illustrated notes

Levels and vault maps discovered:
D:1:      wander_arrival_fairy_ring, layout_basic,
          shapermc_ecumenical_altar_acropolis, skrybe_limestone_x,
          minmay_bisected
D:2:      layout_basic, basic_altar, uniq_sigmund, uniq_natasha
D:3:      layout_loops_ring, serial_shops, shop, kennysheep_donut,
          nrook_mini_vaults
D:4:      layout_cave_pools, minmay_temple_entry_grid,
          biasface_ghost_orc_armoury, uniq_ijyb
D:5:      layout_layer_cave, serial_glass, glass_columns_a, glass_columns_a,
          serial_shops, nicolae_shop_stone, shop
D:6:      layout_gridville, chequers_ossuary_entry_cave, uniq_duvessa
D:7:      layout_layer_cave, uniq_pikel
D:8:      layout_basic, nicolae_wu_jian_immortal_techniques, enter_bailey_3,
          gammafunk_ghost_cemetery
Temple:   regret_index_temple_sigil_plot
Bailey:   bailey_polearm_2, bailey

Skill      XL: |  1  2  3  4  5  6  7  8  9 10 |
---------------+-------------------------------+-----
Dodging        | 2 |  2.2
Stealth        | 2 3 |  3.1
Armour         | 1 2 3 4 5 6 |  6.2
Necromancy     | 5 6 7 8 |  8.8
Spellcasting   | 3 4 5 6 |  6.4
Fighting       | 1 2 3 4 |  4.7
Conjurations   | 1 2 3 4 5 |  5.4
Axes           | 3 |  3.6

Action                   |  1- 3 |  4- 6 |  7- 9 | 10-12 || total
-------------------------+-------+-------+-------+-------++-------
Melee: Spear             |    25 |    42 |    22 |       ||    89
       Hand axe          |       |       |   121 |    47 ||   168
       Punch             |       |       |     4 |       ||     4
       Touch             |       |       |       |     5 ||     5
Throw: Dart              |       |     5 |       |       ||     5
 Cast: Pain              |    62 |    88 |    89 |     6 ||   245
       Vampiric Draining |       |     3 |    61 |    16 ||    80
       Animate Skeleton  |       |     2 |     3 |       ||     5
       Animate Dead      |       |       |       |     1 ||     1
Invok: Receive Corpses   |       |       |       |     1 ||     1
Evoke: Wand              |       |     4 |    28 |       ||    32
  Use: Scroll            |       |     4 |     4 |     6 ||    14
       Potion            |       |     1 |     1 |     3 ||     5
Armor: Ring mail         |    10 |    18 |    95 |     6 ||   129
       Robe              |     2 |       |       |       ||     2
Dodge: Dodged            |    19 |    44 |   254 |    69 ||   386
       Repelled          |       |       |     1 |       ||     1
Block: Other             |       |    11 |    51 |       ||    62
       Reflection        |       |       |     3 |       ||     3

Table legend: (Time is in decaauts)
 A = Elapsed time spent in this place.
 B = Non-inter-level travel time spent in this place.
 C = Inter-level travel time spent in this place.
 D = Time resting spent in this place.
 E = Time spent auto-exploring this place.
 F = Levels seen in this place.
 G = Mean time per level.
                   A        B        C        D        E       F      G
               +--------+--------+--------+--------+--------+-----+--------+
         Total |  14821 |  14383 |    438 |   6222 |   2143 |  10 | 1482.1 |
       Dungeon |  13084 |  12646 |    438 |   5164 |   2061 |   8 | 1635.5 |
        Temple |     55 |     55 |      0 |      0 |      0 |   1 |   55.0 |
        Bailey |   1681 |   1681 |      0 |   1058 |     82 |   1 | 1681.0 |
               +--------+--------+--------+--------+--------+-----+--------+

Top non-repeatable levels by time:
     D:6: 2462 daAuts
     D:1: 2230 daAuts
     D:5: 2199 daAuts
     D:7: 1865 daAuts
  Bailey: 1681 daAuts
     D:3: 1620 daAuts
     D:4: 1409 daAuts
     D:2: 1065 daAuts
     D:8: 231 daAuts
  Temple: 55 daAuts
